 Dungeon Crawl Stone Soup version 0.31-a0-45-g5f0c076935 (webtiles) character file.

Game seed: 15371770576159874224

109050 Sobieck the Unseen (level 16, -1/81 HPs)
             Began as a Spriggan Earth Elementalist on May 21, 2023.
             Was the Champion of Dithmenos.
             Slain by a bunyip (42 damage)
             ... called by a spriggan druid
             ... on level 2 of the Swamp.
             The game lasted 01:35:32 (30145 turns).

Sobieck the Unseen (Spriggan Earth Elementalist)   Turns: 30145, Time: 01:35:32

Health: -1/81      AC:  6    Str:  4    XL:     16   Next: 4%
Magic:  43/45      EV: 26    Int: 24    God:    Dithmenos [******]
Gold:   2430       SH:  6    Dex: 18    Spells: 30/45 levels left

rFire   + . .        a - +2 dagger (heavy) {short}
rCold   . . .        P - +0 buckler
rNeg    + . .        Y - +2 robe {rF+}
rPois   .            k - +2 hat
rElec   +            N - scarf {shadows}
rCorr   .            (gloves unavailable)
SInv    +            (boots unavailable)
Will    ++...        c - amulet of magic regeneration {@e2} Stlth ******++++
                     S - ring "Ohakhloc" {*Corrode rElec rN+ MP+9}
HPRegen 0.33/turn    f - ring of flight
MPRegen 0.69/turn

%: corrode self (3%)
@: flying, wreathed by umbra, unable to drink, very quick
A: very small, no large weapons, unfitting armour, see invisible, speed 3, thin
skeletal structure 1, inability to drink after injury 1
a: Renounce Religion, Shadow Step, Shadow Form


You were on level 2 of the Swamp.
You worshipped Dithmenos.
Dithmenos was exalted by your worship.
You visited 5 branches of the dungeon, and saw 25 of its levels.
You also visited: Ossuary and Gauntlet.

You collected 2815 gold pieces.
You spent 385 gold pieces at shops.


Innate Abilities, Weirdness & Mutations

You are very small and have problems with some larger weapons.
You are too small for most types of armour.
You have supernaturally acute eyesight. (SInv)
You cover ground extremely quickly. (Speed+++)
You have a somewhat thin skeletal structure. (Dex +2, Stealth+)
You occasionally lose the ability to drink potions when taking damage.


   Skills:
 + Level 8.2 Fighting
 - Level 10.0 Short Blades
 + Level 13.5 Dodging
 + Level 18.4 Stealth
 - Level 7.0 Shields
 + Level 15.0 Spellcasting
 - Level 5.0 Necromancy
 - Level 10.0 Transmutations
 + Level 10.1 Earth Magic
 + Level 4.8 Invocations


You had 30 spell levels left.
You knew the following spells:

 Your Spells              Type           Power      Damage    Failure   Level
a - Sandblast             Erth           100%       2d20      1%          1
b - Passwall              Tmut/Erth      50%        N/A       1%          2
c - Stone Arrow           Conj/Erth      84%        3d12      1%          3
d - Petrify               Tmut/Erth      60%        N/A       1%          4
e - Borgnjor's Vile Clut  Necr/Erth      26%        N/A       7%          5

Your spell library contained the following spells:

 Spells                   Type           Power      Damage    Failure   Level
 Kiss of Death            Conj/Necr      100%       2d13      1%          1
 Magic Dart               Conj           72%        1d6       5%          1
 Summon Small Mammal      Summ           72%        N/A       5%          1
 Animate Armour           Summ/Erth      84%        N/A       7%          4
 Animate Dead             Necr           42%        N/A       7%          4
 Dispel Undead            Necr           42%        3d17      7%          4
 Leda's Liquefaction      Hex/Erth       21%        N/A       7%          4
 Searing Ray              Conj           36%        2d5       8%          2
 Call Canine Familiar     Summ           18%        N/A       16%         3
 Confusing Touch          Hex            18%        N/A       16%         3
 Dazzling Flash           Conj/Hex       36%        N/A       16%         3
 Ozocubu's Armour         Ice            18%        N/A       16%         3
 Portal Projectile        Hex/Tloc       36%        N/A       16%         3
 Summon Guardian Golem    Hex/Summ       18%        N/A       16%         3
 Agony                    Necr           42%        N/A       19%         5
 Fulminant Prism          Conj/Hex       9%         3d7       45%         4
 Death Channel            Necr           21%        N/A       71%         6
 Eringya's Noxious Bog    Tmut/Pois      21%        N/A       71%         6
 Metabolic Englaciation   Hex/Ice        9%         N/A       82%         5
 Silence                  Hex/Air        9%         N/A       82%         5
 Summon Forest            Summ/Tloc      9%         N/A       82%         5
 Simulacrum               Ice/Necr       15%        N/A       96%         6
 Summon Hydra             Summ           9%         N/A       100%        7
 Lehudib's Crystal Spear  Conj/Erth      21%        10d6      100%        8

Inventory:

Hand Weapons
 a - a +2 heavy dagger (weapon) {short}
   (You took it off a goblin on level 2 of the Dungeon)
 b - a +1 dagger of electrocution {short}
   (You took it off an orc on level 2 of the Orcish Mines)
Armour
 k - a +2 hat (worn)
   (You found it on level 9 of the Dungeon)
 N - a scarf of shadows (worn)
   (You found it on level 13 of the Dungeon)
 P - a +0 buckler (worn)
   (You took it off a gnoll sergeant on level 6 of the Dungeon)
 Y - a +2 robe of fire resistance (worn)
   (You took it off a wight on level 8 of the Dungeon)
Magical Staves
 L - a staff of earth {!astaff}
   (You found it on level 2 of the Lair of Beasts)
 X - a staff of cold {!astaff}
   (You took it off Fannar on level 11 of the Dungeon)
Jewellery
 c - an amulet of magic regeneration (around neck) {@e2}
   (You acquired it on level 9 of the Dungeon)
 f - a ring of flight (right hand)
   (You found it on level 3 of the Lair of Beasts)
 h - a ring of positive energy
   (You found it on level 13 of the Dungeon)
 n - a ring of poison resistance
   (You found it on level 2 of the Dungeon)
 o - the ring of the Fortifying Hero {Int+6 Dex+2}
   (You found it on level 9 of the Dungeon)

   [ring of intelligence]

   Int:       It affects your intelligence (+6).
   Dex:       It affects your dexterity (+2).
 C - a +6 ring of intelligence
   (You found it on level 14 of the Dungeon)
 F - a ring of fire
   (You found it in an ossuary)
 G - an amulet of regeneration {@e2}
   (You found it in an ossuary)
 K - a +6 ring of dexterity
   (You found it on level 10 of the Dungeon)
 O - a ring of resist corrosion
   (You found it on level 15 of the Dungeon)
 S - the ring "Ohakhloc" (left hand) {*Corrode rElec rN+ MP+9}
   (You found it on level 7 of the Dungeon)

   [ring of magical power]

   rElec:     It insulates you from electricity.
   rN:        It protects you from negative energy.
   MP:        It affects your magic capacity (+9).
   *Corrode:  It may corrode you when you take damage.
 W - a ring of willpower
   (You found it on level 1 of the Lair of Beasts)
Wands
 m - a wand of roots (21)
   (You took it off a kobold demonologist on level 10 of the Dungeon)
 t - a wand of acid (10)
   (You took it off Maurice on level 13 of the Dungeon)
 u - a wand of charming (47)
   (You found it on level 8 of the Dungeon)
 E - a wand of digging (7)
   (You found it on level 10 of the Dungeon)
Scrolls
 d - 2 scrolls of silence {!r}
 e - 19 scrolls of teleportation {@r4}
 i - 2 scrolls of magic mapping {!r}
 x - 4 scrolls of poison {!r}
 y - 5 scrolls of vulnerability {!r!r}
 A - 3 scrolls of blinking {!r}
 D - 3 scrolls of fear
 H - 5 scrolls of immolation {!r!r}
 I - 5 scrolls of fog
 J - a scroll of brand weapon
 Q - a scroll of enchant armour
 T - 6 scrolls of identify {@r1}
 U - 3 scrolls of amnesia
 V - 3 scrolls of noise {!r}
 Z - 2 scrolls of butterflies
Potions
 g - 5 potions of might
 j - a potion of ambrosia
 l - 3 potions of brilliance
 p - 6 potions of curing {@q1}
 q - 4 potions of berserk rage {!q}
 r - 6 potions of haste {@q3}
 s - 4 potions of lignification {!q}
 v - 5 potions of invisibility
 w - 4 potions of heal wounds {@q2}
 z - 5 potions of attraction {!q}
 B - 3 potions of mutation {!q}
 M - 2 potions of resistance
 R - 2 potions of magic

Dungeon Overview and Level Annotations

Branches:
Dungeon (15/15) Zot: 25041  Temple (0/1) D:7            Lair (5/5) D:10 Zot: 24550
  Swamp (2/4) Lair:3 Zot: 11072  Spider (1/4) Lair:3 Zot: 5701     Orc (2/2) D:10 Zot: 10515
    Elf (0/3) Orc:2        Vaults (0/5) D:13         Depths (0/4) D:15
Ossuary (visited)         Gauntlet (visited)
  Slime: Lair:4-5

Altars:
Ashenzari
Cheibriados
Dithmenos
Makhleb
Nemelex Xobeh
Okawaru
Qazlal
Sif Muna
Uskayaw
Vehumet
The Shining One
Jiyva

Shops:
D:1 ?   D:3 **[*[   D:8 (   Orc:1 ?   Orc:2 !==*

Annotations:
D:3 Centaur
D:6 exclusions: 2 electric eels and ugly thing
D:8 3 runed translucent doors, BlasphemerAmon's ghost, novice GrHu; avis's ghost, novice VSAr; bchevrier's ghost, novice GnWn; petzl's ghost, amateur FoDe; roninjake's ghost, novice DsFi
D:13 3 runed translucent doors, pokeman's ghost, journeyman DEHW
Lair:3 3 runed translucent doors, porpoise's ghost, journeyman SpEn
Lair:4 exclusion: 4 oklob plants
Lair:5 exclusion: obsidian statue

♣♣♣♣♣ ♣♣♣♣..♣♣ ♣♣ ♣♣.♣~♣♣♣^♣♣.♣♣
♣♣.♣~~~......♣ ♣♣~.~§~.§~..♣.♣
)~.♣..~~~.~.~~♣ ~~.~.~.~~~..♣.♣
.~.~...~~§~...♣♣♣ ♣
♣♣.♣♣♣..~~♣....~♣♣♣ ♣
♣♣.~....x@~..♣♣♣ ♣
♣♣♣....i<~~.~.♣♣ ♣♣ ♣♣
♣♣.§~...~~~~~♣♣ ♣♣< #.
♣♣.♣♣~.~~~~~.~♣<..♣♣ ♣.. #§~
♣....~~§~§~♣~..§~~.♣♣♣♣♣♣.♣
#..♣♣♣~..~.~~~>.~~~~..§~....~~.♣
#...♣.~.♣~~~§§~§.~~~..~~~~.♣~~.~
....♣~♣...~~.†~.~~~~.~..~.~~♣~~
#####....♣.~~~~........~~§.~♣~~..


You could see a bunyip (strong) and a spriggan.


Message History

A bunyip comes into view.
The alligator puts on a burst of speed!
Unknown command.
The spriggan druid casts a spell.
The forest starts to sway and rumble!
A root smacks you from below.
Unknown command.
Trunks creak and shift.
The alligator barely misses you. The alligator tail-slaps you!
There is an escape hatch in the ceiling here.
Unknown command.
You block the alligator's attack. x2
Trunks creak and shift.
The alligator bites you but does no damage.
The alligator completely misses you. A mysterious force pulls you upwards.
The hatch slams shut behind you.
Unknown command.
Unknown command.
Unknown command.
Unknown command.
Casting: Stone Arrow (safe; 1% risk of failure)
Confirm with . or Enter, or press ? or * to list all spells.
Aiming: Petrify (mildly dangerous; 1% risk of failure)
Press: ? - help, Shift-Dir - straight line, f - alligator
Aim: an alligator (covering ground quickly, umbra, chance to affect: 59%)
The alligator resists with significant effort.
Your shadow mimicks your spell!
The alligator resists with some effort.
The alligator completely misses you. You block the alligator's attack.
Unknown command.
You block the alligator's attack. The alligator completely misses you.
Unknown command.
Casting: Petrify (mildly dangerous; 1% risk of failure)
Confirm with . or Enter, or press ? or * to list all spells.
Aiming: Petrify (mildly dangerous; 1% risk of failure)
Press: ? - help, Shift-Dir - straight line, f/p - alligator
Aim: an alligator (covering ground quickly, umbra, chance to affect: 59%)
The alligator is moving more slowly.
Unknown command.
The alligator stops moving altogether!
Unknown command.
The helpless alligator fails to defend itself.
You spit the alligator like a pig!!!!!
You kill the alligator!
Dithmenos accepts your kill.
You see here an alligator corpse.
There is a stone staircase leading down here.
Unknown command.
Unknown command.
You start resting.
You fly downwards.
There is a stone staircase leading up here.
Unknown command.
Unknown command.
Unknown command.
Unknown command.
Branches wave dangerously above you.
Unknown command.
Branches wave dangerously above you. A root smacks you from below!
Danger!
Unknown command.
Casting: Petrify (mildly dangerous; 1% risk of failure)
Confirm with . or Enter, or press ? or * to list all spells.
Okay, then.
Casting: Petrify (mildly dangerous; 1% risk of failure)
Confirm with . or Enter, or press ? or * to list all spells.
Aiming: Borgnjor's Vile Clutch (dangerous; 7% risk of failure)
Press: ? - help, Shift-Dir - straight line, f - spriggan druid
Aim: a spriggan druid, wielding a +0 quarterstaff and wearing a +0 robe (umbra, 100% to hit)
The forest calms down.
Zombie hands grab the spriggan druid.
The spriggan shouts!
The zombie hands constrict the spriggan druid.
You hear a hideous shriek!
The spriggan druid gestures at you while chanting.
The stone arrow misses you.
The zombie hands constrict the spriggan druid.
The spriggan completely misses you. You block the spriggan druid's attack.
You hit the spriggan druid.
The zombie hands constrict the spriggan druid!
Unknown command.
You puncture the spriggan druid!
Your shadow hits the spriggan druid but does no damage.
The zombie hands constrict the spriggan druid.
You block the spriggan's attack.
The spriggan druid hits you with a +0 quarterstaff!
You hit the spriggan druid.
Your shadow hits the spriggan druid but does no damage.
The zombie hands constrict the spriggan druid!
With its final breath, the spriggan druid offers up its power to the beasts of the wild!
The bunyip seems to grow more fierce.
You kill the spriggan druid!
Dithmenos accepts your kill.
You hear a splash. x2
The spriggan completely misses you. The bunyip claws you!
The bunyip misses you. The bunyip claws you!!!
You feel threatened and lose the ability to drink potions!
Ouch! That really hurt!
You die...

Skill      XL: |  1  2  3  4  5  6  7  8  9 10 11 12 13 14 15 |
---------------+----------------------------------------------+-----
Dodging        | 3 4 5 6 7 8 11 12 13 | 13.5
Short Blades   | 1 2 3 4 5 6 8 10 | 10.0
Transmutations | 2 3 4 5 6 8 10 | 10.0
Spellcasting   | 3 4 5 7 9 11 12 13 14 15 | 15.0
Earth Magic    | 3 4 5 7 8 9 10 | 10.1
Stealth        | 4 5 6 7 8 10 13 15 16 17 18 | 18.4
Fighting       | 2 4 7 8 |  8.2
Shields        | 3 7 |  7.0
Necromancy     | 2 5 |  5.0
Invocations    | 4 |  4.8

Action                     |  1- 3 |  4- 6 |  7- 9 | 10-12 | 13-15 | 16-18 || total
---------------------------+-------+-------+-------+-------+-------+-------++-------
  Melee: Dagger            |       |     9 |    42 |   115 |   380 |     4 ||   550
         Punch             |       |       |       |     1 |       |       ||     1
         Short sword       |       |       |       |       |   157 |       ||   157
   Cast: Sandblast         |    75 |   129 |   144 |   202 |    47 |       ||   597
         Passwall          |       |     2 |    15 |    12 |    31 |       ||    60
         Petrify           |       |       |     4 |    40 |   110 |     2 ||   156
         Stone Arrow       |       |       |       |       |   327 |       ||   327
         Borgnjor's Vile C |       |       |       |       |    20 |     1 ||    21
 Invoke: Shadow Step       |       |       |       |     1 |     2 |       ||     3
    Use: Scroll            |     1 |    12 |     8 |     9 |     7 |       ||    37
         Potion            |       |       |     1 |     3 |     3 |       ||     7
   Stab: Sleeping          |       |     5 |    22 |    44 |    96 |       ||   167
         Petrified         |       |       |     8 |    26 |    48 |     1 ||    83
         Petrifying        |       |       |       |    13 |    41 |       ||    54
         Distracted        |       |       |       |       |     5 |       ||     5
 Armour: Robe              |       |     3 |     7 |    23 |    49 |     1 ||    83
  Dodge: Dodged            |    25 |    38 |   101 |   245 |   579 |     8 ||   996
  Block: Buckler           |       |       |       |     9 |   203 |     6 ||   218

Levels and vault maps discovered:
D:1:      nicolae_arrival_memento_mori, layout_loops_ring, serial_shops,
          nicolae_shop_hallway_plus
D:2:      layout_loops_ring, grunt_ministairs_2, grunt_decor_mini_mirrors
D:3:      wad_pebble_path, layout_loops_ring, cheibrodos_worm_habitat,
          mainiacjoe_overflow_tiny_flanked, mainiacjoe_overflow_paths,
          serial_shops, shop, shop, nicolae_shop_tiny_real_fake_doors, shop,
          shop, st_stairs_7, reono_crystal_passage, uniq_pargi
D:4:      layout_basic, kennysheep_mini_moat, nicolae_ossuary_entry_giza,
          cheibrodos_sewer_entry_bend
D:5:      layout_basic, nicolae_qazlal_general_emergency,
          hangedman_abyss_or_decor_passed, uniq_grinder
D:6:      cheibrodos_two_vegetables, layout_basic, amcnicky_altar_gilded,
          kennysheep_dice, uniq_duvessa, uniq_edmund
D:7:      layout_cave_pools, mainiacjoe_overflow_alcove_2,
          minmay_temple_entry_statues_pillars
D:8:      layout_basic, serial_ice, serial_ice_m, serial_ice_f, serial_ice_h,
          serial_ice_k, gammafunk_ghost_cemetery, serial_shops,
          nicolae_shop_bloodbath_and_beyond, minmay_gold_behind_fungi,
          chequers_mini_garden, uniq_joseph
D:9:      layout_basic, serial_glass, glass_columns_a, glass_columns_a,
          feat_on_display, feat_on_display, uniq_erolcha
D:10:     layout_big_octagon, mainiacjoe_overflow_alcove_4,
          makhleb_altar_promises_db, nicolae_overflow_hidden_temple,
          nicolae_uskayaw_en_pointe, grunt_lair_entry_orc_guard_hut,
          orc_0_dummy, minmay_misc_feat_five
D:11:     layout_basic, uniq_fannar
D:12:     layout_rooms, gauntlet_entry_generic
D:13:     layout_roguey, grunt_vaults_entry_tiered, gammafunk_ghost_necromancy,
          uniq_maurice
D:14:     layout_stronghold, nicolae_vehumet_radiance
D:15:     hangedman_depths_entry_civil_slaughter, layout_basic,
          minmay_misc_feat_x
Lair:1:   layout_gridlike
Lair:2:   layout_loops_ring, chequers_serial_rivers_large_b,
          chequers_serial_rivers_room_b, beast_lair_carwin_9,
          lemuel_fruit_fields
Lair:3:   layout_gridlike, nicolae_swamp_entry_splash_gauntlet,
          nicolae_spider_entry_orb_guardian, ebering_ghost_rock_garden,
          portal_ice_cave_rime, lemuel_another_geyser
Lair:4:   layout_roguey, minmay_slime_entry_oklob_enclosed,
          infiniplex_staircase_pool_2, serial_bayou_shore_b, uniq_sonja
Lair:5:   due_jungle_book, layout_loops_ring, fungi_pond_lemuel
Swamp:1:  nicolae_swamp_long_stream, layout_basic_swamp,
          evilmike_swamp_ruin_rubble_2, swamp_pool2
Swamp:2:  layout_falls_marsh, evilmike_swamp_ruin_house_5
Spider:1: layout_spider_delve, hellmonk_narrow_tunnel
Orc:1:    layout_caves, serial_shops, shop_fountains
Orc:2:    st_orc_mages, layout_caves

Notes
Turn   | Place    | Note
-------+----------+-------------------------------------------
     0 | D:1      | Sobieck the Spriggan Earth Elementalist began the quest for
                  | the Orb.
     0 | D:1      | Reached XP level 1. HP: 9/9 MP: 5/5
   180 | D:1      | Reached XP level 2. HP: 13/13 MP: 4/6
   216 | D:1      | Reached skill level 3 in Dodging
   597 | D:1      | Found Baix Bun's Magic Scroll Boutique.
   602 | D:1      | Bought a scroll of identify for 28 gold pieces
  1022 | D:2      | Reached skill level 1 in Short Blades
  1022 | D:2      | Reached skill level 2 in Transmutations
  1147 | D:2      | Reached skill level 3 in Spellcasting
  1147 | D:2      | Reached XP level 3. HP: 16/16 MP: 5/8
  1279 | D:2      | Reached skill level 3 in Earth Magic
  1382 | D:2      | Learned a level 2 spell: Passwall
  1987 | D:2      | Reached XP level 4. HP: 21/21 MP: 6/9
  2144 | D:3      | Reached skill level 4 in Stealth
  2432 | D:3      | Found a sparkling altar of Nemelex Xobeh.
  2524 | D:3      | Found Uzynuoqi's General Store.
  2527 | D:3      | Found a shadowy altar of Dithmenos.
  2582 | D:3      | Became a worshipper of Dithmenos the Shadowed
  2598 | D:3      | You add the spells Summon Forest, Eringya's Noxious Bog and
                  | Summon Hydra to your library.
  2672 | D:3      | Noticed a centaur
  2729 | D:3      | Found Cimyrekh's Assorted Antiques.
  2872 | D:3      | Found Gyel's Assorted Antiques.
  2913 | D:3      | You pick up a book of Callings and begin reading...
  2913 | D:3      | You add the spells Summon Small Mammal, Call Canine
                  | Familiar and Summon Guardian Golem to your library.
  2917 | D:3      | Found Hoczyd's Armour Emporium.
  2958 | D:3      | Noticed Pargi
  3001 | D:3      | Killed Pargi
  3002 | D:3      | Reached skill level 2 in Short Blades
  3002 | D:3      | Reached skill level 4 in Dodging
  3002 | D:3      | Reached skill level 3 in Transmutations
  3002 | D:3      | Reached XP level 5. HP: 23/24 MP: 2/11
  3083 | D:3      | Found Ynninow's Armour Emporium.
  3133 | D:3      | Found a snail-covered altar of Cheibriados.
  3248 | D:3      | You pick up a book of the Senses and begin reading...
  3248 | D:3      | You add the spells Dazzling Flash, Agony and Silence to
                  | your library.
  3332 | D:1      | Bought a scroll of teleportation for 42 gold pieces
  3332 | D:1      | Bought a scroll of fear for 56 gold pieces
  3498 | D:4      | Found a sand-covered staircase.
  3503 | Ossuary  | Entered an ossuary
  3503 | Ossuary  | Noticed a wraith
  3503 | Ossuary  | Noticed a wraith
  3503 | Ossuary  | Noticed a wraith
  3743 | Ossuary  | Noticed a wraith
  3980 | Ossuary  | Reached XP level 6. HP: 28/28 MP: 7/12
  3992 | Ossuary  | Learned a level 3 spell: Stone Arrow
  3997 | Ossuary  | Learned a level 4 spell: Petrify
  4124 | D:4      | Reached skill level 4 in Spellcasting
  4136 | D:4      | Found a shimmering blue altar of Sif Muna.
  4276 | D:4      | Reached * piety under Dithmenos
  4277 | D:4      | Reached skill level 5 in Stealth
  4636 | D:4      | Reached skill level 4 in Transmutations
  4750 | D:4      | Reached skill level 4 in Earth Magic
  4750 | D:4      | Reached XP level 7. HP: 32/32 MP: 11/14
  5001 | D:4      | You pick up a book of Winter and begin reading...
  5001 | D:4      | You add the spells Ozocubu's Armour, Metabolic Englaciation
                  | and Simulacrum to your library.
  5198 | D:5      | Entered Level 5 of the Dungeon
  5212 | D:5      | Reached skill level 3 in Short Blades
  5256 | D:4      | Reached skill level 5 in Spellcasting
  5370 | D:4      | Reached skill level 5 in Dodging
  5370 | D:4      | Reached skill level 5 in Transmutations
  5563 | D:4      | Reached skill level 6 in Stealth
  5732 | D:5      | Reached XP level 8. HP: 36/36 MP: 10/17
  5735 | D:5      | Reached ** piety under Dithmenos
  5951 | D:5      | Noticed Grinder
  6342 | D:5      | Found a stormy altar of Qazlal.
  6790 | D:6      | Reached skill level 6 in Spellcasting
  6790 | D:6      | Reached skill level 6 in Transmutations
  6790 | D:6      | Reached skill level 5 in Earth Magic
  6922 | D:6      | Reached skill level 4 in Short Blades
  7074 | D:6      | Found an iron altar of Okawaru.
  7109 | D:6      | Noticed Dowan
  7217 | D:5      | Killed Grinder
  7218 | D:5      | Reached skill level 6 in Dodging
  7218 | D:5      | Reached skill level 7 in Stealth
  7218 | D:5      | Reached skill level 7 in Spellcasting
  7522 | D:6      | Noticed Edmund
  7619 | D:6      | Reached XP level 9. HP: 39/39 MP: 17/20
  7677 | D:6      | Noticed Duvessa
  7720 | D:6      | Killed Dowan
  7769 | D:6      | Killed Duvessa
  7770 | D:6      | Reached skill level 6 in Earth Magic
  7995 | D:6      | Killed Edmund
  8056 | D:6      | Noticed a green ugly thing
  8214 | D:7      | Identified the ring "Ohakhloc" {*Corrode rElec rN+ MP+9}
  8275 | D:7      | Reached skill level 8 in Stealth
  8275 | D:7      | Reached skill level 8 in Spellcasting
  8319 | D:7      | Reached skill level 5 in Short Blades
  8543 | D:7      | Reached skill level 7 in Dodging
  8585 | D:7      | Found a radiant altar of Vehumet.
  8639 | D:7      | Found a staircase to the Ecumenical Temple.
  8699 | D:7      | Reached *** piety under Dithmenos
  8933 | D:8      | Found Tazara's Weapon Emporium.
  9027 | D:8      | Reached skill level 7 in Earth Magic
  9046 | D:8      | Reached skill level 9 in Spellcasting
  9178 | D:8      | Reached XP level 10. HP: 44/44 MP: 24/24
  9202 | D:8      | Noticed Joseph
  9215 | D:8      | Killed Joseph
  9216 | D:8      | Reached skill level 9 in Stealth
  9303 | D:8      | Found a runed translucent gate.
  9304 | D:8      | Found a runed translucent gate.
  9305 | D:8      | Found a runed translucent gate.
  9306 | D:8      | Noticed avis's ghost (novice VSAr)
  9306 | D:8      | Noticed roninjake's ghost (novice DsFi)
  9308 | D:8      | Noticed petzl's ghost (amateur FoDe)
  9308 | D:8      | Noticed BlasphemerAmon's ghost (novice GrHu)
  9308 | D:8      | Noticed bchevrier's ghost (novice GnWn)
  9444 | D:8      | Reached skill level 6 in Short Blades
  9659 | D:8      | HP: 6/44 [unseen horror simulacrum (19)]
  9998 | D:8      | Reached skill level 10 in Spellcasting
 10033 | D:8      | Reached skill level 8 in Earth Magic
 10058 | D:9      | Identified a scroll of acquirement
 10059 | D:9      | Acquired an amulet of magic regeneration
 10090 | D:9      | Reached skill level 11 in Spellcasting
 10112 | D:9      | Reached **** piety under Dithmenos
 10375 | D:9      | Reached skill level 1 in Fighting
 10394 | D:9      | Noticed Erolcha
 10417 | D:9      | Killed Erolcha
 10436 | D:9      | Reached skill level 2 in Fighting
 10436 | D:9      | Reached skill level 10 in Stealth
 10446 | D:9      | Reached skill level 8 in Dodging
 10698 | D:9      | Reached XP level 11. HP: 50/50 MP: 27/27
 10708 | D:9      | Identified the ring of the Fortifying Hero {Int+6 Dex+2}
 10756 | D:9      | Noticed a deep elf pyromancer
 10780 | D:9      | Killed a deep elf pyromancer
 11130 | D:10     | Entered Level 10 of the Dungeon
 11293 | D:10     | Noticed a +0 spear
 11294 | D:10     | Found a burning altar of Makhleb.
 11294 | D:10     | Noticed a balrug
 11298 | D:10     | Noticed a +0 dagger
 11298 | D:10     | Noticed a +0 short sword
 11298 | D:10     | Noticed a +0 spear
 11326 | D:10     | HP: 9/50 [hornet (10)]
 11337 | D:9      | Paralysed by a hornet for 2 turns
 11338 | D:9      | HP: 7/50 [hornet (12)]
 11510 | D:10     | Gained mutation: You occasionally lose the ability to read
                  | scrolls when taking damage. [a neqoxec]
 11541 | D:10     | Reached skill level 11 in Stealth
 11541 | D:10     | Reached skill level 12 in Spellcasting
 11576 | D:10     | Paralysed by a hornet for 2 turns
 11579 | D:10     | Reached skill level 9 in Dodging
 11579 | D:10     | Reached skill level 1 in Shields
 11814 | D:3      | Bought a potion of curing for 90 gold pieces
 11814 | D:3      | Bought a scroll of identify for 60 gold pieces
 11814 | D:3      | Bought a coppery potion for 27 gold pieces
 11814 | D:3      | Bought 2 fuming purple potions for 54 gold pieces
 11913 | D:1      | Bought a scroll of identify for 28 gold pieces
 12176 | D:10     | Found a staircase to the Lair.
 12179 | D:10     | Reached ***** piety under Dithmenos
 12206 | D:10     | Found a glowing golden altar of the Shining One.
 12279 | D:10     | Found a staircase to the Orcish Mines.
 12308 | D:10     | Found a broken altar of Ashenzari.
 12358 | D:10     | Noticed a +0 falchion
 12360 | D:10     | Noticed a +0 short sword
 12362 | D:10     | Noticed a +0 dagger
 12363 | D:10     | Noticed a +0 falchion
 12373 | D:10     | Found a hide-covered altar of Uskayaw.
 12485 | D:11     | Noticed Fannar
 12561 | D:11     | Noticed a two-headed ogre
 12571 | D:11     | Killed a two-headed ogre
 12572 | D:11     | Reached skill level 2 in Shields
 12780 | D:11     | Noticed a green ugly thing
 12784 | D:11     | Noticed a boulder beetle
 12789 | D:11     | Killed a green ugly thing
 12790 | D:11     | Reached skill level 12 in Stealth
 12813 | D:12     | Reached skill level 10 in Dodging
 12860 | D:11     | Killed a boulder beetle
 13302 | D:11     | Killed Fannar
 13303 | D:11     | Reached skill level 3 in Shields
 13310 | D:11     | You pick up a book of Touch and begin reading...
 13310 | D:11     | You add the spells Kiss of Death, Confusing Touch and
                  | Dispel Undead to your library.
 13367 | D:12     | Found a gate leading to a gauntlet.
 13389 | Gauntlet | Entered a Gauntlet
 13389 | Gauntlet | Found a transporter.
 13389 | Gauntlet | Found a transporter.
 13401 | Gauntlet | Found a transporter.
 13418 | Gauntlet | Found a transporter.
 13418 | Gauntlet | Found a transporter.
 13418 | Gauntlet | Found a transporter.
 13418 | Gauntlet | Noticed a ghost crab
 13426 | Gauntlet | Found a transporter.
 13426 | Gauntlet | Found a transporter.
 13440 | Gauntlet | Found a transporter.
 13456 | Gauntlet | Found a transporter.
 13464 | Gauntlet | Noticed a glowing orange brain
 13466 | Gauntlet | Found a transporter.
 13467 | Gauntlet | Noticed a cyan ugly thing
 13468 | Gauntlet | Noticed a cyan ugly thing
 13470 | Gauntlet | Found a transporter.
 13506 | Gauntlet | Found a transporter.
 13518 | Gauntlet | Found a transporter.
 13629 | D:12     | Noticed a purple ugly thing
 13730 | Lair:1   | Entered Level 1 of the Lair of Beasts
 13737 | Lair:1   | Reached skill level 13 in Stealth
 13837 | Lair:1   | Reached skill level 11 in Dodging
 13848 | Lair:1   | You pick up a book of the Hunter and begin reading...
 13848 | Lair:1   | You add the spells Portal Projectile and Leda's
                  | Liquefaction to your library.
 13871 | Lair:1   | Reached XP level 12. HP: 54/54 MP: 29/29
 13879 | Lair:1   | Reached skill level 4 in Shields
 13884 | Lair:1   | You pick up a book of Unlife and begin reading...
 13884 | Lair:1   | You add the spells Animate Dead, Borgnjor's Vile Clutch and
                  | Death Channel to your library.
 14643 | Lair:2   | Reached skill level 14 in Stealth
 14845 | Lair:2   | Noticed a boulder beetle
 14909 | Lair:2   | Reached skill level 12 in Dodging
 15126 | Lair:2   | Reached skill level 5 in Shields
 15154 | Lair:2   | Noticed a six-headed hydra
 15278 | Lair:2   | Reached skill level 15 in Stealth
 15435 | Lair:2   | Reached skill level 6 in Shields
 15442 | Lair:2   | Killed a boulder beetle
 15470 | Lair:2   | Noticed a five-headed hydra
 15481 | Lair:2   | Killed a five-headed hydra
 15519 | Lair:2   | Killed a six-headed hydra
 15529 | Lair:2   | Reached skill level 7 in Shields
 16235 | Lair:3   | Found a hole to the Spider Nest.
 16319 | Lair:3   | Reached XP level 13. HP: 59/59 MP: 30/30
 16389 | Lair:3   | Found a staircase to the Swamp.
 16481 | Lair:3   | Found a frozen archway.
 16538 | Lair:3   | Reached skill level 3 in Fighting
 16538 | Lair:3   | Reached skill level 7 in Transmutations
 16835 | Lair:3   | Found a runed translucent gate.
 16835 | Lair:3   | Found a runed translucent gate.
 16835 | Lair:3   | Found a runed translucent gate.
 16835 | Lair:3   | Noticed porpoise's ghost (journeyman SpEn)
 17402 | Lair:4   | Reached skill level 7 in Short Blades
 17546 | Lair:4   | Noticed Sonja
 17628 | Lair:4   | Reached ****** piety under Dithmenos
 17824 | Lair:4   | Killed Sonja
 17981 | Lair:4   | Found a viscous altar of Jiyva.
 18080 | Lair:5   | Entered Level 5 of the Lair of Beasts
 18130 | Lair:5   | Learned a level 5 spell: Borgnjor's Vile Clutch
 18200 | Lair:5   | Reached skill level 16 in Stealth
 18305 | Lair:5   | Reached skill level 8 in Transmutations
 18315 | Lair:5   | Reached skill level 1 in Necromancy
 18341 | Lair:5   | Reached skill level 4 in Fighting
 18633 | Lair:5   | Reached skill level 9 in Earth Magic
 18955 | Lair:5   | Reached skill level 13 in Spellcasting
 18958 | Lair:5   | Noticed a dire elephant
 18958 | Lair:5   | Noticed a dire elephant
 18959 | Lair:5   | Noticed a dire elephant
 19001 | Lair:5   | Reached skill level 2 in Necromancy
 19003 | Lair:5   | Reached skill level 8 in Short Blades
 19095 | Lair:5   | Killed a dire elephant
 19112 | Lair:5   | Banished a dire elephant
 19113 | Lair:5   | Reached XP level 14. HP: 67/67 MP: 32/32
 19219 | Lair:5   | You pick up a book of Conjurations {@e2} and begin
                  | reading...
 19219 | Lair:5   | You add the spells Magic Dart, Searing Ray and Fulminant
                  | Prism to your library.
 19517 | Lair:5   | Reached skill level 9 in Transmutations
 19591 | Lair:5   | Reached skill level 3 in Necromancy
 19926 | D:10     | Gained mutation: You are occasionally teleported next to
                  | monsters. [mutagenic glow]
 19997 | D:10     | Lost mutation: You occasionally lose the ability to read
                  | scrolls when taking damage. [potion of mutation]
 19997 | D:10     | Lost mutation: You are occasionally teleported next to
                  | monsters. [potion of mutation]
 19997 | D:10     | Gained mutation: You occasionally lose the ability to drink
                  | potions when taking damage. [potion of mutation]
 19997 | D:10     | Gained mutation: You have a somewhat thin skeletal
                  | structure. (Dex +2, Stealth+) [potion of mutation]
 20305 | D:12     | Reached skill level 5 in Fighting
 20438 | D:12     | Reached skill level 17 in Stealth
 21148 | D:13     | Reached skill level 9 in Short Blades
 21216 | D:13     | Reached skill level 4 in Necromancy
 21441 | D:13     | Reached skill level 10 in Transmutations
 21546 | D:13     | Reached skill level 14 in Spellcasting
 21601 | D:13     | Found a gate to the Vaults.
 21880 | D:13     | Found a runed translucent gate.
 21880 | D:13     | Found a runed translucent gate.
 21881 | D:13     | Found a runed translucent gate.
 21912 | D:13     | Reached skill level 6 in Fighting
 22028 | D:13     | Noticed Maurice
 22030 | D:13     | Killed Maurice
 22185 | D:13     | Noticed pokeman's ghost (journeyman DEHW)
 22355 | D:14     | Reached skill level 5 in Necromancy
 22396 | D:14     | Found a radiant altar of Vehumet.
 22585 | D:14     | Reached skill level 10 in Short Blades
 22595 | D:14     | You pick up a book of the Hunter and begin reading...
 23118 | D:15     | Entered Level 15 of the Dungeon
 23129 | D:14     | HP: 16/70 [freezing wraith (7)]
 23129 | D:14     | HP: 3/70 [freezing wraith (13)]
 23608 | D:15     | You pick up a book of Callings and begin reading...
 23653 | D:15     | Reached skill level 7 in Fighting
 23735 | D:15     | Reached XP level 15. HP: 75/75 MP: 34/34
 23888 | D:15     | Reached skill level 1 in Invocations
 24087 | Orc:1    | Entered Level 1 of the Orcish Mines
 24511 | Orc:2    | Entered Level 2 of the Orcish Mines
 24843 | Orc:2    | Reached skill level 2 in Invocations
 25029 | Orc:2    | Found Itexzoid's Jewellery Shop.
 25036 | Orc:2    | Found Temaj's Assorted Antiques.
 25064 | Orc:2    | Found Tyhaqamm's Distillery.
 25064 | Orc:2    | Found Ritebb's Jewellery Boutique.
 25413 | Orc:2    | Found a staircase to the Elven Halls.
 25734 | Orc:1    | Found Qooruad's Magic Scroll Shoppe.
 26132 | D:15     | HP: 17/75 [yaktaur/bolt (19)]
 26444 | D:15     | Reached skill level 3 in Invocations
 26806 | D:15     | Found a staircase to the Depths.
 26827 | D:15     | Identified +0 gold dragon scales
 26855 | D:15     | Could not pick up +0 gold dragon scales {rare} here;
                  | ([A]lways) ignore it?
 27664 | Spider:1 | Entered Level 1 of the Spider Nest
 27977 | Spider:1 | Reached skill level 13 in Dodging
 28122 | Spider:1 | Reached skill level 18 in Stealth
 28187 | Lair:3   | HP: 19/77 [poisoned by a wolf spider]
 28192 | Lair:3   | HP: 13/77 [poisoned by a wolf spider]
 28198 | Lair:3   | HP: 10/77 [poisoned by a wolf spider]
 28465 | Swamp:1  | Entered Level 1 of the Swamp
 28518 | Swamp:1  | Reached skill level 4 in Invocations
 28653 | Swamp:1  | Reached skill level 8 in Fighting
 28849 | Swamp:1  | You pick up a book of Armaments and begin reading...
 28849 | Swamp:1  | You add the spells Animate Armour and Lehudib's Crystal
                  | Spear to your library.
 29198 | Swamp:1  | HP: 14/77 [spriggan rider/+0 spear (19)]
 29229 | Swamp:1  | HP: 5/77 [spriggan rider/+0 spear (15)]
 29470 | Lair:3   | HP: 18/77 [spriggan rider/+0 spear (23)]
 29807 | Swamp:2  | Reached skill level 15 in Spellcasting
 29879 | Swamp:2  | Reached skill level 10 in Earth Magic
 29991 | Swamp:2  | Identified a +0 robe of the Archmagi
 30001 | Swamp:2  | Reached XP level 16. HP: 80/81 MP: 36/36
 30145 | Swamp:2  | Slain by a bunyip

Vanquished Creatures
  A broodmother (Spider:1)
  2 eleionomae (Swamp:2)
  2 dire elephants (Lair:5)
  2 bunyips
  An ettin (D:15)
  An entropy weaver (Spider:1)
  Fannar (D:11)
  A rakshasa (D:15)
  Erolcha (D:9)
  8 hydras
  2 vault guards (D:13)
  A two-headed ogre (D:11)
  4 centaur warriors
  2 boulder beetles
  A death yak (Lair:5)
  4 alligators (Swamp:1)
  A tengu warrior (D:15)
  4 orc high priests
  Sonja (Lair:4)
  5 spriggans
  4 skeletal warriors (D:12)
  A spectral death yak (Lair:5)
  A sun moth (Spider:1)
  A skyshark (Lair:4)
  A spectral anaconda (Lair:5)
  A death drake (Swamp:1)
  3 spriggan druids (Swamp:2)
  4 wizards
  2 deep trolls (D:15)
  3 bog bodies
  An orb spider (Lair:3)
  A steelbarb worm (Lair:3)
  A harpy (shapeshifter) (D:15)
  3 orc knights
  3 necromancers (Lair:5)
  A lindwurm (Lair:2)
  5 deep elf pyromancers
  2 wolf spiders (Lair:3)
  3 ugly things
  2 manticores
  7 cyclopes
  6 orc sorcerers
  2 black mambas
  2 gargoyles
  Maurice (D:13)
  A moth of wrath (Spider:1)
  2 torpor snails
  Joseph (D:8)
  19 elephants
  4 cane toads
  A yaktaur (shapeshifter) (D:13)
  5 yaktaurs (D:15)
  2 rime drakes (Lair:3)
  A freezing wraith (D:14)
  3 kobold demonologists
  13 komodo dragons
  A tengu conjurer (D:15)
  8 trolls
  Grinder (D:5)
  A meliai (shapeshifter) (D:13)
  8 hornets
  A troll (shapeshifter) (D:14)
  4 tyrant leeches
  11 blink frogs
  A spectral elephant (Lair:5)
  3 tarantellas (Spider:1)
  21 slime creatures
  2 jumping spiders (Spider:1)
  3 culicivoras (Spider:1)
  2 shadows
  2 vampires
  A wyvern (Lair:2)
  2 basilisks
  60 yaks
  A wraith (D:13)
  20 humans (D:13)
  An unseen horror simulacrum (D:8)
  A dire elephant simulacrum (Lair:5)
  2 redbacks (Spider:1)
  6 vampire mosquitoes
  7 swamp worms
  Edmund (D:6)
  5 wargs
  2 acid dragons (D:12)
  A spectral cane toad (Lair:5)
  15 water moccasins
  Duvessa (D:6)
  A swamp drake (Swamp:1)
  Pargi (D:3)
  2 black bears
  24 orc warriors
  2 sky beasts
  An elephant zombie (Lair:5)
  5 boggarts (D:15)
  3 ice beasts
  6 ogres
  4 wolves (Lair:2)
  12 centaurs
  An elephant skeleton (Lair:5)
  3 phantoms
  2 kobold brigands
  2 gnoll sergeants
  17 bullfrogs
  6 scorpions
  7 wights
  Dowan (D:6)
  7 killer bees (D:9)
  2 elephant simulacra (Lair:5)
  5 electric eels
  4 howler monkeys
  A hound (D:4)
  A gnoll bouda (D:7)
  15 orc priests
  A sleepcap (D:5)
  4 iguanas
  30 orc wizards
  A centaur simulacrum (D:8)
  4 mummies
  18 gnolls
  12 adders
  A shadow imp (D:6)
  4 white imps (D:8)
  An ufetubus (D:8)
  5 worms
  A dart slug (D:3)
  56 orcs
  7 ball pythons
  11 endoplasms
  4 giant cockroaches
  5 hobgoblins
  10 jackals
  A quokka (D:5)
  4 bats
  2 frilled lizards
  A gnoll zombie (Ossuary)
  5 goblins
  4 goblin zombies
  A hobgoblin zombie (Ossuary)
  15 kobolds
  4 kobold zombies
  9 rats
709 creatures vanquished.

Table legend:
 A = Non-vault XP
 B = Vault XP
 C = Vault XP percentage of total XP
 D = Non-vault monster count
 E = Vault monster count
 F = Vault count percentage of total count
                 A         B        C        D         E       F
            +---------+---------+-------+---------+---------+-------
      Total |  116517 |   39269 |  25.2 |     549 |     165 |  23.1
            +---------+---------+-------+---------+---------+-------
        D:1 |      35 |       0 |   0.0 |      22 |       0 |   0.0
        D:2 |      48 |      14 |  22.6 |      17 |       2 |  10.5
        D:3 |      77 |     138 |  64.2 |      24 |       3 |  11.1
        D:4 |     821 |      36 |   4.2 |      27 |       6 |  18.2
        D:5 |     533 |     313 |  37.0 |      18 |       1 |   5.3
        D:6 |     818 |     598 |  42.2 |      10 |       8 |  44.4
        D:7 |     898 |       0 |   0.0 |      17 |       0 |   0.0
        D:8 |    1822 |    1340 |  42.4 |      21 |      11 |  34.4
        D:9 |    4008 |     865 |  17.8 |      31 |       1 |   3.1
       D:10 |    1273 |     869 |  40.6 |      12 |       6 |  33.3
       D:11 |    3351 |     878 |  20.8 |      11 |       1 |   8.3
       D:12 |    8759 |       0 |   0.0 |      21 |       0 |   0.0
       D:13 |    6314 |    8134 |  56.3 |      17 |      26 |  60.5
       D:14 |    6887 |       0 |   0.0 |      21 |       0 |   0.0
       D:15 |   11588 |    4141 |  26.3 |      36 |       6 |  14.3
     Lair:1 |    5401 |     306 |   5.4 |      23 |       2 |   8.0
     Lair:2 |   10310 |     735 |   6.7 |      36 |       3 |   7.7
     Lair:3 |    8047 |    2948 |  26.8 |      21 |       7 |  25.0
     Lair:4 |    6272 |     785 |  11.1 |      22 |       1 |   4.3
     Lair:5 |    8029 |   12129 |  60.2 |      26 |      25 |  49.0
    Swamp:1 |    9247 |       0 |   0.0 |      20 |       0 |   0.0
    Swamp:2 |    7138 |       0 |   0.0 |      12 |       0 |   0.0
   Spider:1 |    5920 |       0 |   0.0 |      15 |       0 |   0.0
      Orc:1 |    5635 |       0 |   0.0 |      37 |       0 |   0.0
      Orc:2 |    3286 |    4978 |  60.2 |      32 |      45 |  58.4
    Ossuary |       0 |      62 | 100.0 |       0 |      11 | 100.0
            +---------+---------+-------+---------+---------+-------

Skill      XL: |  1  2  3  4  5  6  7  8  9 10 11 12 13 14 15 |
---------------+----------------------------------------------+-----
Dodging        | 3 4 5 6 7 8 11 12 13 | 13.5
Short Blades   | 1 2 3 4 5 6 8 10 | 10.0
Transmutations | 2 3 4 5 6 8 10 | 10.0
Spellcasting   | 3 4 5 7 9 11 12 13 14 15 | 15.0
Earth Magic    | 3 4 5 7 8 9 10 | 10.1
Stealth        | 4 5 6 7 8 10 13 15 16 17 18 | 18.4
Fighting       | 2 4 7 8 |  8.2
Shields        | 3 7 |  7.0
Necromancy     | 2 5 |  5.0
Invocations    | 4 |  4.8

Action                     |  1- 3 |  4- 6 |  7- 9 | 10-12 | 13-15 | 16-18 || total
---------------------------+-------+-------+-------+-------+-------+-------++-------
  Melee: Dagger            |       |     9 |    42 |   115 |   380 |     4 ||   550
         Punch             |       |       |       |     1 |       |       ||     1
         Short sword       |       |       |       |       |   157 |       ||   157
   Cast: Sandblast         |    75 |   129 |   144 |   202 |    47 |       ||   597
         Passwall          |       |     2 |    15 |    12 |    31 |       ||    60
         Petrify           |       |       |     4 |    40 |   110 |     2 ||   156
         Stone Arrow       |       |       |       |       |   327 |       ||   327
         Borgnjor's Vile C |       |       |       |       |    20 |     1 ||    21
 Invoke: Shadow Step       |       |       |       |     1 |     2 |       ||     3
    Use: Scroll            |     1 |    12 |     8 |     9 |     7 |       ||    37
         Potion            |       |       |     1 |     3 |     3 |       ||     7
   Stab: Sleeping          |       |     5 |    22 |    44 |    96 |       ||   167
         Petrified         |       |       |     8 |    26 |    48 |     1 ||    83
         Petrifying        |       |       |       |    13 |    41 |       ||    54
         Distracted        |       |       |       |       |     5 |       ||     5
 Armour: Robe              |       |     3 |     7 |    23 |    49 |     1 ||    83
  Dodge: Dodged            |    25 |    38 |   101 |   245 |   579 |     8 ||   996
  Block: Buckler           |       |       |       |     9 |   203 |     6 ||   218

Illustrated notes

Table legend:
 A = Kills in this place as a percentage of kills in the entire game.
 B = Kills by you in this place as a percentage of kills by you in the entire game.
 C = Kills by friends in this place as a percentage of kills by friends in the entire game.
 D = Other kills in this place as a percentage of other kills in the entire game.
 E = Experience gained in this place as a percentage of experience gained in the entire game.
 F = Experience gained in this place divided by the number of levels of this place that you have seen.
                   A       B       C       D       E      F
               +-------+-------+-------+-------+-------+----------------------
         Total | 100.0 | 100.0 |   N/A | 100.0 | 100.0 | 5769.9
       Dungeon |  52.7 |  53.0 |   N/A |   0.0 |  41.4 | 4303.9
          Lair |  23.2 |  22.7 |   N/A | 100.0 |  35.3 | 10992.4
         Swamp |   4.5 |   4.5 |   N/A |   0.0 |  10.5 | 8192.5
   Spider Nest |   2.1 |   2.1 |   N/A |   0.0 |   3.8 | 5920.0
  Orcish Mines |  16.0 |  16.1 |   N/A |   0.0 |   8.9 | 6949.5
       Ossuary |   1.5 |   1.6 |   N/A |   0.0 |   0.0 |  62.0
               +-------+-------+-------+-------+-------+----------------------

Table legend: (Time is in decaauts)
 A = Elapsed time spent in this place.
 B = Non-inter-level travel time spent in this place.
 C = Inter-level travel time spent in this place.
 D = Time resting spent in this place.
 E = Time spent auto-exploring this place.
 F = Levels seen in this place.
 G = Mean time per level.
                   A        B        C        D        E       F      G
               +--------+--------+--------+--------+--------+-----+--------+
         Total |  22655 |  21044 |   1611 |   4334 |  10479 |  27 |  839.1 |
       Dungeon |  13908 |  12646 |   1262 |   2256 |   6882 |  15 |  927.2 |
          Lair |   5449 |   5241 |    208 |   1490 |   2298 |   5 | 1089.8 |
         Swamp |    926 |    902 |     24 |    291 |    287 |   2 |  463.0 |
   Spider Nest |    298 |    298 |      0 |    127 |     10 |   1 |  298.0 |
  Orcish Mines |   1484 |   1369 |    115 |    107 |    891 |   2 |  742.0 |
       Ossuary |    457 |    457 |      0 |     62 |     45 |   1 |  457.0 |
      Gauntlet |    130 |    130 |      0 |      0 |     64 |   1 |  130.0 |
               +--------+--------+--------+--------+--------+-----+--------+

Top non-repeatable levels by time:
  Lair:3: 1625 daAuts
    D:14: 1352 daAuts
     D:5: 1198 daAuts
  Lair:5: 1178 daAuts
     D:4: 1129 daAuts
     D:9: 1109 daAuts
  Lair:1: 1069 daAuts
    D:13: 1018 daAuts
     D:3: 998 daAuts
   Orc:2: 960 daAuts
     D:8: 938 daAuts
    D:15: 928 daAuts
     D:2: 922 daAuts
     D:1: 845 daAuts
  Lair:2: 825 daAuts
